 Dungeon Crawl Stone Soup version 0.27-a0-1324-ge0d8e047f6 (webtiles) character file.

Game seed: 11404396659952951774

11 Atlas the Chiller (level 2, 0/19 HPs)
             Began as a Demonspawn Ice Elementalist on June 23, 2021.
             Slain by a quokka (5 damage)
             ... on level 1 of the Dungeon.
             The game lasted 00:00:40 (161 turns).

Atlas the Chiller (Demonspawn Ice Elementalist)      Turns: 161, Time: 00:00:41

Health: 0/19       AC:  2    Str:  8    XL:     2   Next: 17%
Magic:  0/5        EV: 12    Int: 16    God:
Gold:   22         SH:  5    Dex: 13    Spells: 4/5 levels left

rFire    . . .     SeeInvis .   (no weapon)
rCold    . . .     Faith    .   (no shield)
rNeg     . . .     Spirit   .   a - +0 robe
rPois    .         Reflect  +   (no helmet)
rElec    .         Harm     .   (no cloak)
rCorr    .         Rampage  .   (no gloves)
Will     .....                  (no boots)
Stlth    ++........             b - amulet of reflection
HPRegen  0.06/turn              (no ring)
MPRegen  0.09/turn              (no ring)

@: no status effects
A: claws 1
a: no special abilities


You were on level 1 of the Dungeon.
You visited 1 branch of the dungeon, and saw 2 of its levels.

You collected 22 gold pieces.

Inventory:

Armour
 a - a +0 robe (worn)
Jewellery
 b - an amulet of reflection (around neck)


   Skills:
 + Level 1.7 Dodging
 + Level 1.7 Stealth
 + Level 0.1 Unarmed Combat
 + Level 2.0 Spellcasting
 + Level 4.0 Ice Magic


You had 4 spell levels left.
You knew the following spells:

 Your Spells              Type           Power      Damage    Failure   Level
a - Freeze                Ice            56%        1d7       3%          1

Your spell library contained the following spells:

 Spells                   Type           Power      Damage    Failure   Level
 Frozen Ramparts          Ice            28%        1d4       12%         3
 Ozocubu's Armour         Ice            14%        N/A       12%         3
 Hailstorm                Conj/Ice       8%         3d4       65%         4
 Metabolic Englaciation   Hex/Ice        4%         N/A       94%         5


Dungeon Overview and Level Annotations

Branches:
Dungeon (2/15)

Altars:

Shops:
D:1 *


Innate Abilities, Weirdness & Mutations

You have sharp fingernails.


Message History

You are frozen.
Unknown command.
The quokka barely misses you. The quokka bites you.
Casting: Freeze (safe; 4% risk of failure)
Confirm with . or Enter, or press ? or * to list all spells.
Aiming: Freeze (safe; 4% risk of failure)
Press: ? - help, Shift-Dir - straight line, f - endoplasm
Aim: an endoplasm You freeze the endoplasm.
The endoplasm is moderately wounded.
You block the endoplasm's attack.
Unknown command.
Casting: Freeze (safe; 4% risk of failure)
Confirm with . or Enter, or press ? or * to list all spells.
Aiming: Freeze (safe; 4% risk of failure)
Press: ? - help, Shift-Dir - straight line, f/p - endoplasm
Aim: an endoplasm (moderately wounded)
You freeze the endoplasm.
You kill the endoplasm!
Unknown command.
You scratch the quokka.
The quokka is lightly wounded.
You block the quokka's attack. The quokka bites you.
* * * LOW HITPOINT WARNING * * *
You scratch the quokka.
The quokka is moderately wounded.
The quokka misses you.
You barely miss the quokka.
The quokka is moderately wounded.
The quokka closely misses you.
Casting: Freeze (safe; 3% risk of failure)
Confirm with . or Enter, or press ? or * to list all spells.
Aiming: Freeze (safe; 3% risk of failure)
Press: ? - help, Shift-Dir - straight line, f - quokka
Aim: a quokka (moderately wounded)
You freeze the quokka.
The quokka is heavily wounded.
The quokka bites you.
You die...

##### ##. .... .. ..##.#
#.#.. #@#.# .#
#######r#.#####.#
.......g.....#..#
.............#..#
................#####
.................... ## #####
.............>......... ....#
♣.♣.♣.♣.................
....##.......................


You could see a quokka and a goblin.

Vanquished Creatures
  A ball python (D:2)
  3 endoplasms
  A goblin (D:2)
  2 bats
  2 frilled lizards
  2 rats
11 creatures vanquished.

Notes
Turn   | Place    | Note
-------+----------+-------------------------------------------
     0 | D:1      | Atlas the Demonspawn Ice Elementalist began the quest for
                  | the Orb.
     0 | D:1      | Reached XP level 1. HP: 13/13 MP: 3/3
    12 | D:1      | You fall into a shaft and drop 1 floor!
   117 | D:1      | Found Cujerur's General Store.
   128 | D:1      | Reached skill level 4 in Ice Magic
   129 | D:1      | Gained mutation: You have sharp fingernails. [demonic
                  | ancestry]
   129 | D:1      | Reached XP level 2. HP: 14/19 MP: 0/5
   161 | D:1      | Slain by a quokka

Illustrated notes

Levels and vault maps discovered:
D:1:      wander_arrival_estate, layout_rooms,
          hellmonk_ecumenical_altar_lost_god, serial_shops, nicolae_shop_crystal
D:2:      layout_rooms, uniq_terence

Skill      XL: |  1 |
---------------+----+-----
Ice Magic      | 4 |  4.0
Dodging        | |  1.7
Stealth        | |  1.7
Unarmed Combat | |  0.1
Spellcasting   | |  2.0

Action                   || total
-------------------------++-------
Melee: Unarmed           ||    13
 Cast: Freeze            ||    14
Armor: Robe              ||    10
Dodge: Dodged            ||    29
Block: Other             ||     3

Table legend: (Time is in decaauts)
 A = Elapsed time spent in this place.
 B = Non-inter-level travel time spent in this place.
 C = Inter-level travel time spent in this place.
 D = Time resting spent in this place.
 E = Time spent auto-exploring this place.
 F = Levels seen in this place.
 G = Mean time per level.
                   A        B        C        D        E       F      G
               +--------+--------+--------+--------+--------+-----+--------+
         Total |    161 |    161 |      0 |      0 |     58 |   2 |   80.5 |
       Dungeon |    161 |    161 |      0 |      0 |     58 |   2 |   80.5 |
               +--------+--------+--------+--------+--------+-----+--------+

Top non-repeatable levels by time:
     D:2: 100 daAuts
     D:1: 60 daAuts
